 Dungeon Crawl Stone Soup version 0.25-a0-458-g6fc7858b95 (webtiles) character file.

Game seed: 9952320309106557370, levelgen mode: deterministic

271 Hasart the Cudgeler (level 6, 0/43 HPs)
             Began as an Octopode Fighter on Feb 2, 2020.
             Succumbed to an adder's poison
             ... on level 3 of the Dungeon.
             The game lasted 00:05:08 (2579 turns).

Hasart the Cudgeler (Octopode Fighter)              Turns: 2579, Time: 00:05:09

Health: 0/43       AC:  1    Str: 15    XL:     6   Next: 23%
Magic:  6/6        EV: 12    Int: 13    God:
Gold:   125        SH: 10    Dex: 11    Spells: 5/5 levels left

rFire    . . .     SeeInvis .   a - +0 flail
rCold    + . .     Gourm    .   b - +1 shield
rNeg     . . .     Faith    .   (helmet restricted)
rPois    .         Spirit   .   (no amulet)
rElec    .         Reflect  .   f - ring of protection from cold
rCorr    .         Harm     .   j - ring of teleportation (curse)
MR       .....     Rnd*Tele +   (no ring)
Stlth    ++........             (no ring)
HPRegen  0.14/turn              (no ring)
MPRegen  0.10/turn              (no ring)
                                (no ring)
                                (no ring)

@: lethally poisoned (0 -> -5), flying
A: almost no armour, stealthy swim, amphibious, 8 rings, constrict 8, camouflage
1, gelatinous body 1
a: no special abilities


You were on level 3 of the Dungeon.
You were hungry.

You visited 1 branch of the dungeon, and saw 3 of its levels.

You collected 125 gold pieces.

Inventory:

Hand Weapons
 a - a +0 flail (weapon)
Missiles
 l - 2 javelins (quivered)
Armour
 b - a +1 shield (worn)
Jewellery
 f - a ring of protection from cold (left tentacle)
 j - a cursed ring of teleportation (right tentacle)
Wands
 n - a wand of iceblast (9)
 q - a wand of acid (10)
Scrolls
 e - 7 scrolls of identify {unknown}
 h - 2 scrolls of teleportation {unknown}
 m - a scroll of remove curse {unknown}
 o - a scroll of immolation {unknown}
Potions
 c - 2 potions of might
 g - a potion of flight
 i - a potion of curing {unknown}
 k - a potion of haste {unknown}
 p - a potion of cancellation {unknown}
 s - a potion of ambrosia {unknown}
Comestibles
 d - 2 rations
 r - 3 chunks of flesh


   Skills:
 + Level 3.9 Fighting
 * Level 4.1 Maces & Flails
 + Level 1.7 Throwing
 + Level 3.9 Dodging
 + Level 3.8 Shields


You had 5 spell levels left.
You didn't know any spells.
Your spell library was empty.

Dungeon Overview and Level Annotations

Branches:
Dungeon (3/15)

Altars:
Qazlal


Innate Abilities, Weirdness & Mutations

You cannot wear most types of armour.
You are very stealthy in the water. (Stealth+)
You are amphibious.
You can wear up to eight rings at the same time.
You can use your tentacles to constrict eight enemies at once.
Your skin changes colour to match your surroundings (Stealth+).
Your rubbery body absorbs attacks. (AC +1, EV +1)


Message History

Items here: ( )) ? † a +0 club; a +0 hand axe; 20 stones; a scroll labeled EDUSAM QOSOTHRATODA a goblin corpse
Things that are here:
a +0 trident; a fizzy dark potion; an orc corpse
Items here: ( ) [ ÷ a stone; a +0 ring mail; a +0 club; a hobgoblin skeleton You block the goblin's attack.
You see here 2 stones.
You miss the adder. Your grab misses the adder. Your squeeze misses the adder.
The adder bites you.
* * * LOW HITPOINT WARNING * * *
You are lethally poisoned!
The adder poisons you! The adder bites you.
* * * LOW HITPOINT WARNING * * *
Unknown command.
It was a potion of flight.
You feel very buoyant.
You fly up into the air.
You die...

#......(gZ)......# #####
#.#.Z#####...##### ....#
#.##g# ###...# ....#
#....##......#......
....#
#.#...#......#......
....#
#.#.÷.#....###......
....### #####g#....#
#...... ....+.###
#.Sg.....# #......
....#.#.# #@##.....#
#...... ...##.#.#
#.##.....###......
##÷##...#
#...............).
...)....#
######.##.####....#
#####.### #....)..#.#
#....# #####.######
#.....#.#.# #....#
#..........####.....#...#
#....#
#........)...(......##..#
#....#
#...........o.......##..#
#....)


You could see an adder and 2 goblins.

Vanquished Creatures
  A crimson imp (D:3)
  Terence (D:3)
  Ijyb (D:3)
  Robin (D:3)
  6 adders
  2 oozes (D:3)
  3 worms
  5 dart slugs
  A leopard gecko (D:3)
  8 orcs (D:3)
  5 bats
  3 giant cockroaches
  18 goblins
  13 hobgoblins
  8 kobolds
  4 quokkas
  A frilled lizard (D:3)
  A leopard gecko zombie (D:3)
  9 rats
91 creatures vanquished.

Notes
Turn   | Place    | Note
-------+----------+-------------------------------------------
     0 | D:1      | Hasart the Octopode Fighter began the quest for the Orb.
     0 | D:1      | Reached XP level 1. HP: 16/16 MP: 1/1
    30 | D:1      | Reached XP level 2. HP: 2/21 MP: 2/2
    30 | D:1      | HP: 1/21 [bat (1)]
   384 | D:1      | Reached XP level 3. HP: 3/26 MP: 3/3
  1181 | D:2      | Reached skill level 3 in Maces & Flails
  1208 | D:2      | Reached XP level 4. HP: 31/31 MP: 4/4
  1912 | D:3      | Reached XP level 5. HP: 20/36 MP: 5/5
  2004 | D:3      | Noticed Ijyb
  2169 | D:3      | Killed Ijyb
  2169 | D:3      | Reached skill level 1 in Throwing
  2201 | D:3      | Noticed Terence
  2220 | D:3      | Killed Terence
  2380 | D:3      | Found a stormy altar of Qazlal.
  2381 | D:3      | Noticed a water elemental
  2381 | D:3      | Noticed an air elemental
  2381 | D:3      | Noticed a fire elemental
  2528 | D:3      | Noticed Robin
  2539 | D:3      | Killed Robin
  2539 | D:3      | Reached XP level 6. HP: 28/43 MP: 6/6
  2551 | D:3      | Reached skill level 4 in Maces & Flails
  2578 | D:3      | HP: 1/43 [adder (2)]
  2579 | D:3      | Succumbed to an adder's poison

Levels and vault maps discovered:
D:1:      dpeg_arrival_rooms_c, layout_rooms
D:2:      layout_loops_ring, serial_forest, infiniplex_forest_fountain,
          infiniplex_forest_clump_large, infiniplex_forest_straight_2,
          infiniplex_forest_join, infiniplex_forest_corner_1,
          infiniplex_forest_end_1, infiniplex_forest_clump_tiny,
          infiniplex_forest_zigzag_2, minmay_heptomino_o4
D:3:      lemuel_upstairs_altar, layout_basic, nicolae_overflow_hidden_temple,
          nicolae_qazlal_style_of_elements, uniq_robin, uniq_terence, uniq_ijyb

Skill      XL: |  1  2  3  4  5  6 |
---------------+-------------------+-----
Maces & Flails | 3 4 |  4.1
Throwing       | 1 |  1.7
Fighting       | |  3.9
Dodging        | |  3.9
Shields        | |  3.8

Action                   |  1- 3 |  4- 6 || total
-------------------------+-------+-------++-------
Melee: Flail             |    69 |   130 ||   199
       Constrict         |    16 |    34 ||    50
       Tentacles         |    14 |    26 ||    40
  Use: Scroll            |     2 |       ||     2
       Potion            |       |     1 ||     1
 Stab: Sleeping          |     4 |     2 ||     6
       Distracted        |       |     1 ||     1
  Eat: Chunk             |     1 |     4 ||     5
Armor: Skin              |     9 |     4 ||    13
Dodge: Dodged            |    30 |    46 ||    76
Block: Shield            |    37 |    61 ||    98

Table legend:
 A = Non-vault XP
 B = Vault XP
 C = Vault XP percentage of total XP
 D = Non-vault monster count
 E = Vault monster count
 F = Vault count percentage of total count
                 A         B        C        D         E       F
            +---------+---------+-------+---------+---------+-------
      Total |     280 |     108 |  27.8 |      77 |      14 |  15.4
            +---------+---------+-------+---------+---------+-------
        D:1 |      57 |       0 |   0.0 |      28 |       0 |   0.0
        D:2 |      42 |       7 |  14.3 |      15 |       3 |  16.7
        D:3 |     181 |     101 |  35.8 |      34 |      11 |  24.4
            +---------+---------+-------+---------+---------+-------
